lilith, chaotic female human Rogue ---- |..| -- |..------- --- --- |.- -..--...| |..---.------------..---.......--- ----- |........................-.---...| -----.|.-- ---......---------- |.|...| ---.--- ---..%.)...| --.......| ---- |.|.--- |...--- |..........| --- ---- --......---..| |...| --....--------.%-.-.....----.---- --..-- |...........| ---.--| |..............................| |....----|-..........-- |.....--- ----------..----...............------ -- -......--....*<......|--.|.....| |...----.................|..---.| |............--.....--.. |...--- -.--..|.....s............|......| --......)....--....---.- |...| --.---......>)@...................| ---.--......%......)..| |...-- |...|......i.ai--.--.--........|..| -----.....----...------....| --..............---------......----- |.....- |....---......| |...........i.....| |......| -......| --...........-- --................| --.....| |...----- --..........| --....---.......-- |....-- --.-- ---.--.--.-- --.-- ---.|.--- --.--- --- --------- -- ----- --- lilith the Rogue Experience level: 6 Strength: 15 Dexterity: 18 Constitution: 14 Intelligence: 11 Wisdom: 11 Charisma: 9 Health: 0(40) Energy: 27(27) Def: 7 Gold: 0 Moves: 3284 Dungeon seed: 1kz2j40tljLVDE15 Game ID: lilith_1519270053 Your Inventory: Weapons a - an uncursed +0 dagger named Biter b - 8 uncursed +0 daggers (in quiver) g - 2 uncursed +0 orcish daggers E - 9 uncursed +0 darts F - a cursed -1 dagger M - 10 uncursed +0 daggers Q - an uncursed +0 elven dagger (weapon in hand) Armor c - a cursed -4 pair of iron shoes e - an uncursed +1 leather armor (being worn) n - a blessed rusty +2 orcish helm (being worn) r - an uncursed +0 dwarvish cloak y - an uncursed +0 pair of iron shoes (being worn) N - an uncursed +0 dwarvish cloak (being worn) U - a blessed +1 dwarvish cloak V - an uncursed +0 pair of iron shoes Z - a cursed -1 dwarvish cloak Comestibles O - an uncursed food ration T - an uncursed orange Wands L - an uncursed wand of polymorph (0:5) Tools k - an uncursed skeleton key x - an uncursed tin opener B - an uncursed sack D - an uncursed lock pick G - 4 blessed tallow candles (0:200) J - an uncursed leash P - 9 uncursed tallow candles (0:200) X - an uncursed lock pick Gems q - 5 uncursed worthless pieces of yellowish brown glass z - an uncursed worthless piece of violet glass W - an uncursed worthless piece of blue glass Y - 2 uncursed fluorite stones Contents of the sack: 306 gold pieces an uncursed +0 short sword 2 uncursed scrolls of confuse monster an uncursed scroll of gold detection an uncursed scroll of identify an uncursed scroll of teleportation an uncursed potion of gain ability an uncursed potion of sickness a cursed ring of aggravate monster a cursed -1 ring of increase damage Spells and supernatural/magical abilities: Name Level Category Fail Memory W - pray for help -- divine ? -- Your skills at the end: Fighting Skills Weapon Skills dagger [Skilled] short sword [Basic] Spellcasting Skills Final Attributes: You were piously aligned. You were stealthy. You are dead. Vanquished creatures: 3 gnome kings a pony 3 gnome lords a black naga hatchling a floating eye a kitten 4 dwarves a homunculus a centipede 2 dwarf zombies a werejackal an iguana a hobbit a manes a giant rat 2 cave spiders a green mold 12 gnomes 3 geckos 7 jackals 3 foxes 4 goblins 2 sewer rats 7 grid bugs a bat 2 lichens a kobold zombie 6 newts 74 creatures vanquished. Voluntary challenges: You used a wielded weapon 90 times, starting on turn 2. You read items or engraved 47 times, starting on turn 2015. You never genocided any monsters. You never polymorphed an object. You never changed form. You used no wishes. You never split a pudding. You wrote Elbereth's name 39 times, starting on turn 2015. You never violated your personal moral code. Dungeon overview: The Dungeons of Doom: levels 1 to 4 Level 1 some fountains a long staircase Level 2 Level 3 a hardware shop, an altar to Kos stairs to The Gnomish Mines Level 4 The Gnomish Mines: levels 4 to 6 Level 4 stairs to The Dungeons of Doom Level 5 <- You were here Level 6 History has recorded: On T:1 you entered the Dungeons of Doom to retrieve the Amulet of Yendor! On T:614 you advanced to experience level 2. On T:891 you advanced to experience level 3. On T:1497 you reached level 2 of The Dungeons of Doom. On T:1550 you reached level 3 of The Dungeons of Doom. On T:1568 you reached level 4 of The Dungeons of Doom. On T:1888 you advanced to experience level 4. On T:1919 you reached level 1 of The Gnomish Mines. On T:2793 you advanced to experience level 5. On T:2904 you reached level 2 of The Gnomish Mines. On T:3118 you advanced to experience level 6. On T:3212 you reached level 3 of The Gnomish Mines. Score breakdown: Gold: 306 ( 8460 points) Experience: 6 levels (12456 points) Exploration: 6 levels ( 13.33%) (10112 points) Discoveries: 5 items ( 1.68%) ( 3885 points) Valuables value: (no points given unless you survive) Artifact value: 0 ( 0 points) Variety of kills: 28 monsters ( 7.35%) ( 8132 points) Turncount: 3284 turns ( -733 points) Survival: died (score multiplied by 80%) Total score: 33849 Latest messages: You have a little trouble lifting b - an uncursed +0 dagger (in quiver). Where do you want to travel to? You stop travelling. You throw 3 daggers. The 1st dagger hits the manes. The 2nd dagger hits the manes. You destroy the manes! The cave spider is almost hit by a dart! The giant ant bites! The manes just misses! The manes hits! The manes bites! You write in the dust with your fingers. The giant ant bites! The cave spider misses. The giant ant bites! You add to the writing in the dust with your fingers. The giant ant bites! The cave spider bites! You die... Final status: Goodbye lilith the Rogue, killed by a cave spider... You died in The Gnomish Mines on dungeon level 5 with 33849 points, and 306 pieces of gold, after 3284 moves. You were level 6 with a maximum of 40 hit points when you died.